 Dungeon Crawl Stone Soup version 0.25-a0-516-g7d600cd9ad (webtiles) character file.

Game seed: 10664905089404915527, levelgen mode: deterministic

72 Jullhope the Shield-Bearer (level 4, 0/35 HPs)
             Began as a Human Fighter on Feb 17, 2020.
             Slain by a kobold
             ... wielding a +0 dagger
              (2 damage)
             ... on level 3 of the Dungeon.
             The game lasted 00:21:42 (1170 turns).

Jullhope the Shield-Bearer (Human Fighter)          Turns: 1170, Time: 00:21:43

Health: 0/35       AC:  6    Str: 18    XL:     4   Next: 50%
Magic:  4/4        EV:  4    Int:  8    God:
Gold:   86         SH:  9    Dex: 12    Spells: 3/3 levels left

rFire    . . .     SeeInvis .   a - +0 long sword
rCold    . . .     Gourm    .   c - +0 kite shield
rNeg     . . .     Faith    .   b - +0 scale mail
rPois    .         Spirit   .   (no helmet)
rElec    .         Reflect  .   (no cloak)
rCorr    .         Harm     .   (no gloves)
MR       .....                  (no boots)
Stlth    ..........             (no amulet)
HPRegen  0.11/turn              (no ring)
MPRegen  0.09/turn              (no ring)

@: lethally poisoned (0 -> -21), hasted, constricted, very quick
A: no striking features
a: no special abilities


You were on level 3 of the Dungeon.
You were completely stuffed.

You visited 1 branch of the dungeon, and saw 3 of its levels.

You collected 86 gold pieces.

Inventory:

Hand Weapons
 a - a +0 long sword (weapon)
 m - a +0 short sword
 p - a +0 hunting sling
Missiles
 f - 16 bolts
 g - 61 stones (quivered)
 h - 17 arrows
 o - 7 javelins
Armour
 b - a +0 scale mail (worn)
 c - a +0 kite shield (worn)
 l - a +0 scale mail
Scrolls
 e - a scroll of fear {unknown}
 i - 3 scrolls of immolation {unknown}
 n - 2 scrolls of identify {unknown}
Potions
 d - a potion of might
 k - a potion of magic {unknown}


   Skills:
 + Level 3.4 Fighting
 * Level 2.8 Long Blades
 + Level 3.3 Armour
 * Level 3.8 Shields


You had 3 spell levels left.
You didn't know any spells.
Your spell library was empty.

Dungeon Overview and Level Annotations

Branches:
Dungeon (3/15)

Altars:
Qazlal
Sif Muna

Annotations:
D:1 3 exclusions


Message History

You block the frilled lizard's attack. The kobold closely misses you.
You slash the frilled lizard!
You kill the frilled lizard!
The kobold throws a poisoned dart.
The poisoned dart barely misses you. The kobold barely misses you.
You feel sick.
The giant cockroach waves its antennae.
The kobold throws a poisoned dart.
The poisoned dart hits you!
You are lethally poisoned!
You hit the kobold.
The kobold is severely wounded.
* * * LOW HITPOINT WARNING * * *
You feel sick.
The kobold throws a poisoned dart.
The poisoned dart hits you!
You are more poisoned.
You block the kobold's attack.
It was a potion of haste.
You feel yourself speed up.
* * * LOW HITPOINT WARNING * * *
You feel sick. You block the ball python's attack. The ball python grabs you.
The ball python constricts you. The kobold hits you with a +0 dagger.
You die...

#..........
####..#†#..#...
#....)(<)....<.
##....#)#......
#.............
#....(....#...
##sK...##### ..
##KS##### #
#(@## #.## #.
.. ###


You could see a giant cockroach, a ball python and 2 kobolds.

Vanquished Creatures
  3 adders (D:2)
  A worm (D:2)
  2 dart slugs (D:1)
  5 giant cockroaches
  5 goblins
  3 hobgoblins
  8 kobolds
  3 bats
  3 frilled lizards
  8 rats
41 creatures vanquished.

Notes
Turn   | Place    | Note
-------+----------+-------------------------------------------
     0 | D:1      | Jullhope the Human Fighter began the quest for the Orb.
     0 | D:1      | Reached XP level 1. HP: 18/18 MP: 1/1
   142 | D:1      | Reached XP level 2. HP: 18/24 MP: 2/2
   694 | D:1      | Reached XP level 3. HP: 29/29 MP: 3/3
   838 | D:2      | Found a shimmering blue altar of Sif Muna.
   886 | D:2      | Found a stormy altar of Qazlal.
   990 | D:2      | Reached XP level 4. HP: 21/35 MP: 4/4
  1170 | D:3      | Slain by a kobold

Levels and vault maps discovered:
D:1:      dpeg_arrival_short_road, layout_basic
D:2:      layout_rooms, gammafunk_temple_overflow_wave,
          nicolae_qazlal_general_emergency, nicolae_overflow_crystal_walls,
          minmay_box_of_dots, uniq_sigmund
D:3:      layout_rooms, st_stairs_14

Action                   |  1- 3 |  4- 6 || total
-------------------------+-------+-------++-------
Melee: Long sword        |    70 |    43 ||   113
 Fire: Hunting sling     |     3 |       ||     3
Throw: Stone             |    10 |       ||    10
  Use: Potion            |       |     2 ||     2
  Eat: Ration            |     2 |     1 ||     3
Armor: Scale mail        |    28 |    50 ||    78
Dodge: Dodged            |    16 |    47 ||    63
Block: Kite shield       |    44 |    48 ||    92
       Rpst.: Long sword |     4 |    12 ||    16

Table legend:
 A = Non-vault XP
 B = Vault XP
 C = Vault XP percentage of total XP
 D = Non-vault monster count
 E = Vault monster count
 F = Vault count percentage of total count
                 A         B        C        D         E       F
            +---------+---------+-------+---------+---------+-------
      Total |      99 |       5 |   4.8 |      38 |       3 |   7.3
            +---------+---------+-------+---------+---------+-------
        D:1 |      32 |       0 |   0.0 |      19 |       0 |   0.0
        D:2 |      64 |       0 |   0.0 |      17 |       0 |   0.0
        D:3 |       3 |       5 |  62.5 |       2 |       3 |  60.0
            +---------+---------+-------+---------+---------+-------
